 Dungeon Crawl Stone Soup version 0.31.0-11-ge490571c62 (webtiles) character file.

Game seed: 4435338330046909842

4 ces the Grave Robber (level 1, 0/14 HPs)
             Began as a Ghoul Necromancer on Feb 4, 2024.
             Slain by a jackal (1 damage)
             ... on level 1 of the Dungeon.
             The game lasted 00:00:34 (86 turns).

ces the Grave Robber (Ghoul Necromancer)              Turns: 86, Time: 00:00:35

Health: 0/14       AC:  2    Str: 11    XL:     1   Next: 60%
Magic:  3/3        EV: 12    Int: 14    God:
Gold:   0          SH:  0    Dex:  9    Spells: 2/3 levels left

rFire   . . .        (no weapon)
rCold   + . .        (no shield)
rNeg    + + +        a - +0 robe
rPois   ∞            (no helmet)
rElec   .            (no cloak)
rCorr   .            (no gloves)
SInv    .            (no boots)
Will    .....        (no amulet)
Stlth   ++           (no ring)
HPRegen 0.00/turn    (no ring)
MPRegen 0.08/turn

%: no passive effects
@: inhibited regen
A: claws 1, cold resistance 1, negative energy resistance 3, inhibited
regeneration, torment resistance 2, devour on kill
a: no special abilities


You were on level 1 of the Dungeon.
You visited 1 branch of the dungeon, and saw 1 of its levels.

Inventory:

Armour
 a - a +0 robe (worn)
Potions
 b - a potion of magic


   Skills:
 - Level 1.7 Dodging
 - Level 2.1 Stealth
 + Level 0.4 Unarmed Combat
 + Level 1.9 Spellcasting
 + Level 4.0 Necromancy


You had 2 spell levels left.
You knew the following spells:

 Your Spells              Type           Power      Damage    Failure   Level
a - Necrotise             Necr           48%        1d6       4%          1

Your spell library contained the following spells:

 Spells                   Type           Power      Damage    Failure   Level
 Vampiric Draining        Necr           12%        2d6       14%         3
 Animate Dead             Necr           12%        N/A       41%         4
 Curse of Agony           Necr           12%        N/A       77%         5


Dungeon Overview and Level Annotations

Branches:
Dungeon (1/15)

Altars:


Innate Abilities, Weirdness & Mutations

You are immune to poison.
You have sharp fingernails.
Your flesh is cold resistant. (rC+)
You are immune to negative energy. (rN+++)
You do not regenerate when monsters are visible.
You are immune to unholy pain and torment.
You thrive by killing the living.


Message History

You closely miss the jackal. The jackal closely misses you.
The jackal misses you. The jackal barely misses you. x2
The jackal bites you but does no damage.
The jackal bites you.
You completely miss the jackal. The jackal closely misses you. x2
The jackal bites you.
You scratch the jackal.
The jackal is lightly wounded.
The jackal stops to sniff the ground.
The jackal closely misses you. The jackal misses you.
The jackal bites you but does no damage. x2
The jackal misses you.
The jackal bites you but does no damage.
You barely miss the jackal.
The jackal is lightly wounded.
The jackal misses you. The jackal closely misses you.
The jackal barely misses you.
You barely miss the jackal.
The jackal is lightly wounded.
The jackal bites you. The jackal closely misses you. The jackal bites you.
You barely miss the jackal.
The jackal is lightly wounded.
The jackal bites you.
* * * LOW HITPOINT WARNING * * *
The jackal completely misses you.
The jackal bites you but does no damage.
The jackal misses you. The jackal closely misses you.
The jackal completely misses you. The jackal attacks as it pursues you!
The jackal bites you but does no damage.
The jackal attacks as it pursues you! The jackal completely misses you.
The jackal barely misses you. x2
The jackal attacks as it pursues you! The jackal barely misses you.
The jackal barely misses you. The jackal bites you.
* * * LOW HITPOINT WARNING * * *
The jackal attacks as it pursues you! The jackal barely misses you.
The jackal attacks as it pursues you! The jackal barely misses you.
The jackal attacks as it pursues you! The jackal bites you.
You die...

#.....)#......
#......#...#
....####......# .
#.....## #.....#
#....h########### .
#.....#.+~~~P≈~~#
..####....hh.#.P.P~P~#
...........@.#~.~≈≈~~#
.............#~.....~#
...........###~.≈~~#.#
............##.≈P~.#.#
.............'~~~~.#<#
######.....###########
#.....# #.....#
#######


You could see 3 jackals.

Vanquished Creatures
  A bat (D:1)
1 creature vanquished.

Vanquished Creatures (collateral kills)
  A dart slug (D:1)
1 creature vanquished.

Grand Total: 2 creatures vanquished

Notes
Turn   | Place    | Note
-------+----------+-------------------------------------------
     0 | D:1      | ces the Ghoul Necromancer began the quest for the Orb.
     0 | D:1      | Reached XP level 1. HP: 14/14 MP: 3/3
    86 | D:1      | Slain by a jackal

Illustrated notes

Levels and vault maps discovered:
D:1:      lightli_arrival_flooded_house, layout_basic

Action                     || total
---------------------------++-------
  Melee: Unarmed           ||    18
   Cast: Necrotise         ||     4
 Armour: Robe              ||    29
  Dodge: Dodged            ||    45
